 Dungeon Crawl Stone Soup version 0.27.1 (webtiles) character file.

Game seed: 10475044872904316197

2045 Crownlay the Slasher (level 9, -5/74 HPs)
             Began as a Gnoll Berserker on Aug 28, 2021.
             Was a Priest of Trog.
             Slain by a gnoll sergeant (10 damage)
             ... on level 6 of the Dungeon.
             The game lasted 00:09:49 (5247 turns).

Crownlay the Slasher (Gnoll Berserker)              Turns: 5247, Time: 00:09:50

Health: -5/74      AC: 14    Str: 19    XL:     9   Next: 24%
Magic:  15/15      EV:  5    Int:  7    God:    Trog [***...]
Gold:   199        SH:  0    Dex: 16    Spells: 16/16 levels left

rFire    . . .     SeeInvis +   d - +7 morningstar of the Purple Skies {freeze, rPois Dex+4 SInv Stlth-}
rCold    . . .     Faith    .   (no shield)
rNeg     . . .     Spirit   .   p - +0 chain mail
rPois    +         Reflect  .   (no helmet)
rElec    .         Harm     .   (no cloak)
rCorr    .         Rampage  .   (no gloves)
Will     ++...                  (no boots)
Stlth    ..........             (no amulet)
HPRegen  1.22/turn              n - +4 ring of slaying
MPRegen  0.14/turn              v - +4 ring of protection

@: strong-willed, held, regenerating, studying Throwing
A: fangs 1, strong nose, distributed training
a: Renounce Religion, Berserk, Trog's Hand


You were on level 6 of the Dungeon.
You worshipped Trog.
Trog was most pleased with you.
You visited 1 branch of the dungeon, and saw 6 of its levels.

You collected 199 gold pieces.

Inventory:

Hand Weapons
 c - a +2 falchion of holy wrath
 d - the +7 morningstar of the Purple Skies (weapon) {freeze, rPois Dex+4 SInv Stlth-}
   (You acquired it on level 4 of the Dungeon)

   It freezes those it strikes, dealing additional cold damage.
   It can also slow down cold-blooded creatures.
   Dex:       It affects your dexterity (+4).
   rPois:     It protects you from poison.
   SInv:      It lets you see invisible.
   Stlth:     It makes you less stealthy.
 q - a +4 great mace
Armour
 p - a +0 chain mail (worn)
Jewellery
 n - a +4 ring of slaying (left hand)
 v - a +4 ring of protection (right hand)
Wands
 k - a wand of flame (12)
Scrolls
 b - a scroll of amnesia
 f - a scroll of enchant armour
 g - 2 scrolls of teleportation
 h - a scroll of noise
 m - 2 scrolls of magic mapping
 r - 2 scrolls of identify
 s - a scroll of blinking {unknown}
 u - a scroll of silence {unknown}
Potions
 a - 5 potions of curing {unknown}
 e - a potion of resistance {unknown}
 i - 2 potions of cancellation {unknown}
 j - 2 potions of haste {unknown}
 l - a potion of mutation {unknown}
 o - 3 potions of might {unknown}
 t - a potion of attraction {unknown}


   Skills:
 + Level 7.8 Fighting
 + Level 4.0 Short Blades
 + Level 7.8 Long Blades
 + Level 4.0 Axes
 + Level 4.0 Maces & Flails
 + Level 4.0 Polearms
 + Level 4.0 Staves
 + Level 4.0 Slings
 + Level 4.0 Bows
 + Level 4.0 Crossbows
 + Level 4.9 Throwing
 + Level 6.2 Armour
 + Level 6.2 Dodging
 + Level 4.0 Stealth
 + Level 4.0 Shields
 + Level 4.0 Unarmed Combat
 + Level 4.0 Spellcasting
 + Level 3.3 Conjurations
 + Level 3.3 Hexes
 + Level 3.3 Summonings
 + Level 3.3 Necromancy
 + Level 3.3 Translocations
 + Level 3.3 Transmutations
 + Level 3.3 Fire Magic
 + Level 3.3 Ice Magic
 + Level 3.3 Air Magic
 + Level 3.3 Earth Magic
 + Level 3.3 Poison Magic
 + Level 4.4 Invocations
 + Level 4.0 Evocations


You had 16 spell levels left.
You didn't know any spells.
Your spell library was empty.

Dungeon Overview and Level Annotations

Branches:
Dungeon (6/15)             Temple (0/1) D:5

Altars:
Cheibriados
Nemelex Xobeh
Okawaru
Sif Muna
Vehumet
Zin


Innate Abilities, Weirdness & Mutations

You have very sharp teeth.
Your uncanny sense of smell can sniff out nearby items.
Your experience applies equally to all skills.


Message History

The gnoll hits you but does no damage.
The gnoll hits you from afar with a +0 halberd.
The bullfrog hits you but does no damage.
The gnoll hits you but does no damage.
There is a stone staircase leading up here.
The bullfrog closely misses you.
You impale the bullfrog!!
The bullfrog seems to slow down.
You freeze the bullfrog.
You kill the bullfrog!
Trog accepts your kill.
The centaur shoots an arrow.
The arrow hits you but does no damage.
The gnoll hits you from afar with a +0 halberd!
The gnoll hits you but does no damage.
You closely miss the gnoll.
The gnoll hits you from afar with a +0 halberd. x2
The gnoll hits you with a +0 club!
You sock the gnoll! You freeze the gnoll.
You kill the gnoll!
Trog accepts your kill.
The centaur shoots an arrow.
The arrow hits you. The gnoll barely misses you.
The gnoll hits you from afar with a +0 halberd!
The centaur shoots an arrow.
The arrow hits you but does no damage.
The gnoll throws a throwing net.
The throwing net hits you.
You become entangled in the net!
You struggle against the net.
The centaur shoots an arrow.
The arrow hits you but does no damage.
A gnoll comes into view. It is wielding a +0 vorpal flail.
The gnoll hits you but does no damage.
The gnoll shouts!
You struggle against the net.
The centaur shoots an arrow.
The arrow hits you!
* * * LOW HITPOINT WARNING * * *
The centaur shoots an arrow.
The arrow hits you.
* * * LOW HITPOINT WARNING * * *
The gnoll sergeant hits you but does no damage.
The gnoll hits you from afar with a +0 halberd.
* * * LOW HITPOINT WARNING * * *
Your skin crawls.
You feel strong-willed.
The gnoll sergeant hits you from afar with a +0 spear!
You die...

#.####...## ..#
#.#.......# #..# .
#......#..##...#.
......##.......
#....#...)..#
...#....#......##..
#......#g.........
#@cgg........
#.#...g......
...#..##......
..#.###.# ...... #.
## #.. ..... # ##..
..... ... ....
........


You could see a gnoll sergeant, a centaur and 3 gnolls.

Vanquished Creatures
  The ghost of askman the Skirmisher, an amateur DsFi of Okawaru (D:4)
  Sigmund (D:3)
  2 water moccasins (D:5)
  A black bear (D:5)
  The ghost of capitangugle the Firebug, an amateur DrFE of Dithmenos (D:3)
  2 phantoms
  3 ogres
  2 centaurs (D:5)
  A bullfrog (D:6)
  2 jellies (D:5)
  A howler monkey (D:5)
  A bullfrog zombie (D:5)
  2 hounds
  An orc priest (D:5)
  3 bullfrog skeletons
  5 iguanas
  An orc wizard (D:5)
  Ijyb (D:3)
  A killer bee zombie (D:6)
  2 gnolls
  5 adders
  A worm (D:4)
  4 dart slugs
  6 orcs
  7 bats
  8 endoplasms
  4 giant cockroaches
  9 goblins
  5 hobgoblins
  6 quokkas
  7 ball pythons
  4 frilled lizards (D:1)
  8 kobolds
  7 rats
115 creatures vanquished.

Vanquished Creatures (others)
  3 fungi (D:2)
  2 plants (D:2)
5 creatures vanquished.

Grand Total: 120 creatures vanquished

Notes
Turn   | Place    | Note
-------+----------+-------------------------------------------
     0 | D:1      | Crownlay the Gnoll Berserker began the quest for the Orb.
     0 | D:1      | Reached XP level 1. HP: 23/23 MP: 1/1
   109 | D:1      | Reached XP level 2. HP: 18/29 MP: 2/2
   462 | D:1      | Reached XP level 3. HP: 33/35 MP: 3/3
   561 | D:1      | Reached ** piety under Trog
   820 | D:1      | You fall into a shaft and drop 1 floor!
  1145 | D:2      | Reached skill level 1 in Invocations
  1760 | D:2      | Found a faded altar of an unknown god.
  1873 | D:3      | Found a runed translucent door.
  1879 | D:3      | Noticed Ijyb
  1896 | D:3      | Killed Ijyb
  1897 | D:3      | Reached skill level 1 in Short Blades
  1897 | D:3      | Reached skill level 1 in Axes
  1897 | D:3      | Reached skill level 1 in Maces & Flails
  1897 | D:3      | Reached skill level 1 in Polearms
  1897 | D:3      | Reached skill level 1 in Staves
  1897 | D:3      | Reached skill level 1 in Slings
  1897 | D:3      | Reached skill level 1 in Bows
  1897 | D:3      | Reached skill level 1 in Crossbows
  1897 | D:3      | Reached skill level 1 in Throwing
  1897 | D:3      | Reached skill level 1 in Stealth
  1897 | D:3      | Reached skill level 1 in Shields
  1897 | D:3      | Reached skill level 1 in Unarmed Combat
  1897 | D:3      | Reached skill level 1 in Spellcasting
  1897 | D:3      | Reached skill level 1 in Evocations
  1897 | D:3      | Reached XP level 4. HP: 22/41 MP: 5/5
  2242 | D:3      | Noticed Sigmund
  2259 | D:3      | Killed Sigmund
  2260 | D:3      | Reached skill level 1 in Conjurations
  2260 | D:3      | Reached skill level 1 in Hexes
  2260 | D:3      | Reached skill level 1 in Summonings
  2260 | D:3      | Reached skill level 1 in Necromancy
  2260 | D:3      | Reached skill level 1 in Translocations
  2260 | D:3      | Reached skill level 1 in Transmutations
  2260 | D:3      | Reached skill level 1 in Fire Magic
  2260 | D:3      | Reached skill level 1 in Ice Magic
  2260 | D:3      | Reached skill level 1 in Air Magic
  2260 | D:3      | Reached skill level 1 in Earth Magic
  2260 | D:3      | Reached skill level 1 in Poison Magic
  2260 | D:3      | Reached XP level 5. HP: 34/47 MP: 5/7
  2260 | D:3      | Reached XP level 6. HP: 38/53 MP: 5/8
  2377 | D:3      | Reached skill level 5 in Armour
  2377 | D:3      | Reached skill level 5 in Dodging
  2617 | D:3      | Found an iron altar of Okawaru.
  2739 | D:3      | Found a runed translucent door.
  2875 | D:3      | Noticed capitangugle's ghost (amateur DrFE)
  2893 | D:3      | Killed capitangugle's ghost
  2894 | D:3      | Reached XP level 7. HP: 59/59 MP: 10/10
  3298 | D:4      | Found a transporter.
  3299 | D:4      | Noticed askman's ghost (amateur DsFi)
  3344 | D:4      | Found a transporter.
  3405 | D:4      | Found a snail-covered altar of Cheibriados.
  3786 | D:4      | Found a radiant altar of Vehumet.
  4005 | D:4      | Killed askman's ghost
  4006 | D:4      | Reached XP level 8. HP: 67/67 MP: 10/12
  4045 | D:4      | Identified a scroll of acquirement
  4045 | D:4      | Acquired the +7 morningstar of the Purple Skies {freeze,
                  | rPois Dex+4 SInv Stlth-}
  4061 | D:5      | Entered Level 5 of the Dungeon
  4127 | D:5      | Found a shimmering blue altar of Sif Muna.
  4331 | D:5      | Found a glowing silver altar of Zin.
  4351 | D:5      | Reached *** piety under Trog
  4803 | D:5      | Reached XP level 9. HP: 66/72 MP: 14/14
  4962 | D:5      | Found a staircase to the Ecumenical Temple.
  5088 | D:5      | Found a sparkling altar of Nemelex Xobeh.
  5247 | D:6      | Slain by a gnoll sergeant

Illustrated notes

Levels and vault maps discovered:
D:1:      minmay_arrival_jagged, layout_basic, minmay_indecisive_spiral
D:2:      layout_basic, shapermc_ecumenical_altar_petra, hex_tiny
D:3:      layout_rooms, okawaru_altar_gauntlet_db, ebering_ghost_sewer_f,
          uniq_sigmund, uniq_ijyb
D:4:      layout_basic, chequers_temple_overflow_statue_of_worship,
          gammafunk_ghost_smash
D:5:      layout_gridville, lemuel_crystal_altar, zin_treasury,
          nemelex_dance_club_becter, minmay_temple_entry_large_hall
D:6:      cheibrodos_steamvent, layout_cave_pools, gammafunk_ghost_grave,
          wad_floor_pattern_untrapped, minmay_misc_feat_plants, uniq_eustachio

Skill      XL: |  1  2  3  4  5  6  7  8  9 |
---------------+----------------------------+-----
Invocations    | 1 2 3 4 |  4.4
Short Blades   | 1 2 3 4 |  4.0
Axes           | 1 2 3 4 |  4.0
Maces & Flails | 1 2 3 4 |  4.0
Polearms       | 1 2 3 4 |  4.0
Staves         | 1 2 3 4 |  4.0
Slings         | 1 2 3 4 |  4.0
Bows           | 1 2 3 4 |  4.0
Crossbows      | 1 2 3 4 |  4.0
Throwing       | 1 2 4 |  4.9
Stealth        | 1 2 3 4 |  4.0
Shields        | 1 2 3 4 |  4.0
Unarmed Combat | 1 2 3 4 |  4.0
Spellcasting   | 1 2 3 4 |  4.0
Evocations     | 1 2 3 4 |  4.0
Conjurations   | 1 2 3 |  3.3
Hexes          | 1 2 3 |  3.3
Summonings     | 1 2 3 |  3.3
Necromancy     | 1 2 3 |  3.3
Translocations | 1 2 3 |  3.3
Transmutations | 1 2 3 |  3.3
Fire Magic     | 1 2 3 |  3.3
Ice Magic      | 1 2 3 |  3.3
Air Magic      | 1 2 3 |  3.3
Earth Magic    | 1 2 3 |  3.3
Poison Magic   | 1 2 3 |  3.3
Armour         | 5 6 |  6.2
Dodging        | 5 6 |  6.2
Fighting       | 7 |  7.8
Long Blades    | 7 |  7.8

Action                   |  1- 3 |  4- 6 |  7- 9 || total
-------------------------+-------+-------+-------++-------
Melee: Falchion          |   116 |    96 |    56 ||   268
       Bite              |    15 |     5 |    17 ||    37
       Punch             |     1 |     2 |       ||     3
       Morningstar       |       |       |    60 ||    60
Invok: Trog's Hand       |     1 |     3 |     3 ||     7
       Berserk           |     1 |     2 |     1 ||     4
  Use: Scroll            |       |       |     6 ||     6
 Stab: Sleeping          |     1 |       |     1 ||     2
Armor: Animal skin       |    12 |    14 |       ||    26
       Chain mail        |       |       |    56 ||    56
       Robe              |       |       |     2 ||     2
Dodge: Dodged            |    64 |    82 |    64 ||   210
       Rpst.: Falchion   |    13 |    25 |     7 ||    45
